 Dungeon Crawl Stone Soup version 0.27.0-1-g7a089689b8 (webtiles) character file.

Game seed: 5235723691164932970

1850139 melvinkitnick the Ruinous (level 27, 161/161 HPs)
             Began as a Gargoyle Earth Elementalist on Aug 13, 2021.
             Was an Initiate of Gozag.
             Escaped with the Orb
             ... and 4 runes on Aug 15, 2021!
             The game lasted 05:51:40 (117812 turns).

melvinkitnick the Ruinous (GrEE)                  Turns: 117812, Time: 05:51:41

Health: 161/161    AC: 38    Str: 12    XL:     27
Magic:  25/47      EV: 13    Int: 43    God:    Gozag
Gold:   20179      SH: 16    Dex:  6    Spells: 9/66 levels left

rFire    + . .     SeeInvis +   u - staff of fire
rCold    + + .     Faith    .   A - +4 kite shield {reflect}
rNeg     + + .     Spirit   .   w - +5 robe of Night {Dark Will+ SInv}
rPois    ∞         Reflect  +   c - +2 hat of Hangman {rPois rC++ Int+4 Dex-4}
rElec    +         Harm     .   U - +2 cloak of the Thief {*Fog Slay-2 SInv Stlth+}
rCorr    .         Rampage  .   m - +2 pair of gloves {archery}
Will     +++..                  W - +2 pair of boots {Stlth+}
Stlth    +.........             J - amulet of magic regeneration
HPRegen  0.36/turn              P - ring "Gidesk" {Wiz rPois rN+ Int+6}
MPRegen  0.55/turn              z - +6 ring of intelligence

@: flying, studying Bows, bribing [the Dungeon, the Depths]
A: sickness immunity, AC +20, big wings, negative energy resistance 1,
electricity resistance, torment resistance 1, petrification resistance, frail 1,
weak 1
0: Orb of Zot
}: 4/15 runes: barnacled, slimy, silver, gossamer
a: Renounce Religion, Potion Petition, Call Merchant, Bribe Branch


You escaped.
You worshipped Gozag.
Gozag was extremely pleased with you.
You visited 12 branches of the dungeon, and saw 58 of its levels.
You also visited: Ice Cave.

You collected 34169 gold pieces.
You spent 5058 gold pieces at shops.
You paid 8932 gold pieces to Gozag.

Inventory:

Hand Weapons
 e - a +9 trishula of holy wrath
 p - the +8 trident "Eheufag" {flame, rF- rC+++ Will++ Str-3}
   (You found it on level 5 of the Pits of Slime)

   It burns those it strikes, dealing additional fire damage.
   Str:       It affects your strength (-3).
   rF:        It makes you vulnerable to fire.
   rC:        It renders you almost immune to cold.
   Will:      It greatly increases your willpower.
Missiles
 r - 17 throwing nets
 R - 18 silver javelins
 S - 21 javelins
Armour
 a - the +0 cloak of the Pits of Slime {+Inv Will+ Str-2}
   (You bought it in a shop on level 3 of the Shoals)

   Str:       It affects your strength (-2).
   +Inv:      It lets you turn invisible.
   Will:      It increases your willpower.
 c - the +2 hat of Hangman (worn) {rPois rC++ Int+4 Dex-4}
   (You bought it in a shop on level 4 of the Depths)

   Int:       It affects your intelligence (+4).
   Dex:       It affects your dexterity (-4).
   rC:        It greatly protects you from cold.
   rPois:     It protects you from poison.
 m - a +2 pair of gloves of archery (worn)
 v - a +2 robe of the Archmagi
 w - the +5 robe of Night (worn) {Dark Will+ SInv}
   (You found it on level 5 of the Pits of Slime)

   It shrouds the wearer in darkness, reducing the range at which they can see
   and be seen by others.
   SInv:      It lets you see invisible.
   Will:      It increases your willpower.
 A - a +4 kite shield of reflection (worn)
 U - the +2 cloak of the Thief (worn) {*Fog Slay-2 SInv Stlth+}
   (You found it on level 2 of the Depths)

   It may release a thick cloud of smoke when the wearer is hurt.
   Slay:      It affects your accuracy & damage with ranged weapons and melee
   (-2).
   SInv:      It lets you see invisible.
   Stlth:     It makes you more stealthy.
 W - a +2 pair of boots of stealth (worn)
Magical Staves
 u - a staff of fire (weapon)
 B - a staff of earth
 V - a staff of cold
Jewellery
 j - the ring "Lengiloh" {+Blink MP-9 Int+4 SInv}
   (You found it on level 5 of the Pits of Slime)

   [ring of see invisible]

   Int:       It affects your intelligence (+4).
   MP:        It affects your magic capacity (-9).
   SInv:      It lets you see invisible.
   +Blink:    It lets you blink.
 y - an amulet of reflection
 z - a +6 ring of intelligence (right hand)
 J - an amulet of magic regeneration (around neck)
 P - the ring "Gidesk" (left hand) {Wiz rPois rN+ Int+6}
   (You found it on level 5 of the Pits of Slime)

   [ring of wizardry]

   It improves your spell success rate.
   Int:       It affects your intelligence (+6).
   rPois:     It protects you from poison.
   rN:        It protects you from negative energy.
 Y - the ring "Terawile" {rCorr Str+6 Stlth+}
   (You found it on level 15 of the Dungeon)

   [ring of strength]

   Str:       It affects your strength (+6).
   rCorr:     It protects you from acid and corrosion.
   Stlth:     It makes you more stealthy.
 Z - the ring of Lano {Fire rN+ Dex+4}
   (You found it on level 15 of the Dungeon)

   [ring of fire]

   It enhances your fire magic.
   Dex:       It affects your dexterity (+4).
   rF:        It protects you from fire.
   rC:        It makes you vulnerable to cold.
   rN:        It protects you from negative energy.
Wands
 o - a wand of iceblast (73)
 E - a wand of digging (31)
 H - a wand of mindburst (27)
 I - a wand of acid (14)
Scrolls
 b - 7 scrolls of blinking
 D - 14 scrolls of teleportation
 F - 13 scrolls of amnesia
 N - 5 scrolls of summoning
 O - 7 scrolls of fog
 Q - 2 scrolls of magic mapping
 T - a scroll of holy word
Potions
 f - 7 potions of ambrosia
 g - 2 potions of cancellation
 h - 14 potions of lignification
 i - 6 potions of haste
 k - 2 potions of brilliance
 n - 6 potions of heal wounds
 s - 18 potions of curing
 t - a potion of magic
 C - 3 potions of might
 G - 4 potions of resistance
 L - 5 potions of invisibility
 X - 2 potions of mutation
Miscellaneous
 d - a tin of tremorstones (2/2)
 l - a phial of floods
 q - a box of beasts
 x - a condenser vane
 K - a lightning rod (4/4)
 M - a phantom mirror


   Skills:
 - Level 20.0 Fighting
 - Level 8.0 Staves
 - Level 8.0 Dodging
 - Level 2.1 Stealth
 - Level 15.0 Shields
 - Level 20.0 Spellcasting
 * Level 26.8 Conjurations
 - Level 4.0 Necromancy
 - Level 4.0 Translocations
 - Level 4.0 Transmutations
 - Level 25.0 Fire Magic
 - Level 20.0 Earth Magic
 - Level 8.0 Evocations


You had 9 spell levels left.
You knew the following spells:

 Your Spells              Type           Power      Damage    Failure   Level
a - Apportation           Tloc           100%       N/A       1%          1
b - Starburst             Conj/Fire      79%        8x6d20    0%          6
c - Fire Storm            Conj/Fire      79%        8d20      1%          9
d - Lee's Rapid Deconstr  Erth           60%        3d29*     0%          5
e - Spellforged Servitor  Conj/Summ      51%        N/A       1%          7
f - Borgnjor's Vile Clut  Necr/Erth      49%        N/A       1%          5
g - Iron Shot             Conj/Erth      63%        9d12      0%          6
h - Shatter               Erth           60%        3d45*     6%          9
i - Passwall              Tmut/Erth      81%        N/A       0%          2
u - Blink                 Tloc           N/A        N/A       1%          2
x - Irradiate             Conj/Tmut      54%        3d32      1%          5

Your spell library contained the following spells:

 Spells                   Type           Power      Damage    Failure   Level
 Foxfire                  Conj/Fire      100%       2x1d9     0%          1
 Magic Dart               Conj           100%       1d8       0%          1
 Sandblast                Erth           100%       2d20      0%          1
 Searing Ray              Conj           100%       3d7       0%          2
 Static Discharge         Conj/Air       100%       N/A       0%          2
 Conjure Flame            Conj/Fire      100%       6-21      0%          3
 Dazzling Flash           Conj/Hex       100%       N/A       0%          3
 Inner Flame              Hex/Fire       100%       N/A       0%          3
 Stone Arrow              Conj/Erth      100%       3d13      0%          3
 Fulminant Prism          Conj/Hex       51%        3d23      0%          4
 Hailstorm                Conj/Ice       100%       3d20      0%          4
 Iskenderun's Mystic Bla  Conj/Tloc      100%       2d19      0%          4
 Sticky Flame             Conj/Fire      100%       2d11      0%          4
 Bolt of Magma            Conj/Fire/Erth 77%        4d29      0%          5
 Fireball                 Conj/Fire      79%        3d29      0%          5
 Iskenderun's Battlesphe  Conj           100%       2d15      0%          5
 Orb of Destruction       Conj           67%        9d18      0%          7
 Animate Skeleton         Necr           100%       N/A       1%          1
 Corona                   Hex            47%        N/A       1%          1
 Freeze                   Ice            100%       1d11      1%          1
 Pain                     Necr           100%       1d9       1%          1
 Sting                    Tmut/Pois      100%       1d8       1%          1
 Summon Small Mammal      Summ           100%       N/A       1%          1
 Call Imp                 Summ           43%        N/A       1%          2
 Corpse Rot               Necr/Air       N/A        N/A       1%          2
 Ensorcelled Hibernation  Hex/Ice        86%        N/A       1%          2
 Poisonous Vapours        Pois/Air       86%        N/A       1%          2
 Slow                     Hex            43%        N/A       1%          2
 Call Canine Familiar     Summ           43%        N/A       1%          3
 Confusing Touch          Hex            43%        N/A       1%          3
 Frozen Ramparts          Ice            86%        1d10      1%          3
 Gell's Gravitas          Tloc           33%        N/A       1%          3
 Ignite Poison            Fire/Tmut/Pois 100%       N/A       1%          3
 Lesser Beckoning         Tloc           33%        N/A       1%          3
 Mephitic Cloud           Conj/Pois/Air  88%        N/A       1%          3
 Ozocubu's Armour         Ice            43%        N/A       1%          3
 Portal Projectile        Hex/Tloc       100%       N/A       1%          3
 Spider Form              Tmut/Pois      28%        N/A       1%          3
 Summon Guardian Golem    Hex/Summ       43%        N/A       1%          3
 Teleport Other           Tloc           67%        N/A       1%          3
 Tukima's Dance           Hex            43%        N/A       1%          3
 Vampiric Draining        Necr           33%        2d10      1%          3
 Animate Armour           Summ/Erth      100%       N/A       1%          4
 Animate Dead             Necr           33%        N/A       1%          4
 Dispel Undead            Necr           67%        3d23      1%          4
 Ice Form                 Ice/Tmut       57%        N/A       1%          4
 Leda's Liquefaction      Hex/Erth       45%        N/A       1%          4
 Olgreb's Toxic Radiance  Pois           43%        N/A       1%          4
 Passage of Golubria      Tloc           N/A        N/A       1%          4
 Petrify                  Tmut/Erth      98%        N/A       1%          4
 Summon Ice Beast         Ice/Summ       43%        N/A       1%          4
 Summon Lightning Spire   Summ/Air       43%        N/A       1%          4
 Agony                    Necr           67%        N/A       1%          5
 Blade Hands              Tmut           33%        N/A       1%          5
 Excruciating Wounds      Necr           33%        N/A       1%          5
 Freezing Cloud           Conj/Ice/Air   44%        6-21      1%          5
 Lightning Bolt           Conj/Air       51%        1d72      1%          5
 Manifold Assault         Tloc           67%        N/A       1%          5
 Conjure Ball Lightning   Conj/Air       51%        3x3d18    1%          6
 Lehudib's Crystal Spear  Conj/Erth      63%        10d15     1%          8
 Alistair's Intoxication  Tmut/Pois      38%        N/A       2%          5
 Summon Forest            Summ/Tloc      28%        N/A       2%          5
 Yara's Violent Unravell  Hex/Tmut       28%        3d12      2%          5
 Metabolic Englaciation   Hex/Ice        21%        N/A       6%          5
 Silence                  Hex/Air        21%        N/A       6%          5
 Summon Mana Viper        Hex/Summ       43%        N/A       6%          5
 Death Channel            Necr           33%        N/A       6%          6
 Dispersal                Tloc           33%        N/A       6%          6
 Eringya's Noxious Bog    Tmut/Pois      28%        N/A       14%         6
 Simulacrum               Ice/Necr       28%        N/A       14%         6
 Invisibility             Hex            21%        N/A       30%         6
 Shadow Creatures         Summ           N/A        N/A       30%         6
 Haunt                    Necr/Summ      28%        N/A       56%         7
 Storm Form               Tmut/Air       28%        N/A       56%         7
 Chain Lightning          Conj/Air       51%        3d68      61%         9
 Borgnjor's Revivificati  Necr           33%        N/A       92%         8
 Infestation              Necr           33%        N/A       92%         8
 Maxwell's Capacitive Co  Air            21%        ∞         100%        8
 Polar Vortex             Ice            21%        N/A       100%        9
 Sublimation of Blood     Necr           Unusable   N/A       N/A         2
 Statue Form              Tmut/Erth      Unusable   N/A       N/A         6

Dungeon Overview and Level Annotations

Branches:
Dungeon (15/15)            Temple (1/1) D:6            Lair (6/6) D:9
 Shoals (4/4) Lair:4       Spider (4/4) Lair:3        Slime (5/5) Lair:5
    Orc (2/2) D:9             Elf (3/3) Orc:2        Vaults (5/5) D:13
  Crypt (3/3) Vaults:3       Tomb (0/3) Crypt:3      Depths (5/5) D:15
    Zot (5/5) Depths:5      IceCv (visited)

Altars:
Ashenzari
Cheibriados
Dithmenos
Elyvilon
Fedhas
Gozag
Hepliaklqana
Kikubaaqudgha
Makhleb
Nemelex Xobeh
Okawaru
Qazlal
Ru
Sif Muna
Trog
Uskayaw
Vehumet
Wu Jian
Xom
Yredelemnul
Zin
The Shining One
Beogh
Jiyva

Shops:
D:5 (   D:10 (   D:15 ((:   Orc:1 ?   Orc:2 *?*(?*:   Elf:3 (   Shoals:3 [
Vaults:2 :   Depths:1 =   Depths:3 *   Depths:4 [

Portals:
Hell: Depths:1 Depths:2 Depths:3 Depths:4 Depths:5
Abyss: Depths:1 Depths:4
Pandemonium: Depths:3
Ziggurat: Depths:1

Annotations:
Elf:2 3 runed translucent doors
Depths:5 exclusions: hell hog, hell knight and 2 more exclusions
Zot:2 1 runed translucent door, Jofris Vesimp's ghost, legendary GnFE


Innate Abilities, Weirdness & Mutations

You are immune to sickness and miasma.
Your stone body is resilient. (AC +20)
You are immune to poison.
Your large and strong wings let you fly.
You resist negative energy. (rN+)
You are resistant to electric shocks. (rElec)
You are resistant to unholy torment.
You are immune to petrification.
You are frail. (-10% HP)
You are weak. (Str -2)


Message History

You continue meditating on the rock.
You finish merging with the rock.
Your extra speed is starting to run out.
Casting: Passwall (safe; 0% risk of failure)
Confirm with . or Enter, or press ? or * to list all spells.
Aiming: Passwall (safe; 0% risk of failure)
Press: ? - help, Dir - move target A rock wall.
This square is covered in magical glow.
You begin to meditate on the wall.
You continue meditating on the rock. x4
You feel yourself slow down.
You continue meditating on the rock. x2
You finish merging with the rock.
Unknown command.
You fly upwards.
There is a stone staircase leading down here.
Casting: Passwall (safe; 0% risk of failure)
Confirm with . or Enter, or press ? or * to list all spells.
Aiming: Passwall (safe; 0% risk of failure)
Press: ? - help, Dir - move target A rock wall.
This square is covered in magical glow.
You begin to meditate on the wall.
You continue meditating on the rock. x2
Magic restored.
You finish merging with the rock.
You fly upwards.
There is a stone staircase leading down here.
Casting: Passwall (safe; 0% risk of failure)
Confirm with . or Enter, or press ? or * to list all spells.
The dungeon rumbles!
A door shatters!
Ka-crash!
Casting: Shatter (dangerous; 6% risk of failure)
Confirm with . or Enter, or press ? or * to list all spells.
The dungeon rumbles!
Ka-crash!
Casting: Shatter (dangerous; 6% risk of failure)
Confirm with . or Enter, or press ? or * to list all spells.
The dungeon rumbles!
Ka-crash!
There is a staircase leading out of the dungeon here.
You have escaped!

.########.#.........# #.........#
.# ##...........# #.#..#....# .#
##............###.#.......# .##
#...............#.#..†)####
..#####.#.###..........>#....#
..........#...##...#....#....####
......#.#...............#...#...#
.............#.....#....)..#.....
##......#..[.#..@..#.............
.###).###....#.....#.............
......###....#.....#.............
..###........###+###.............
#.....#..........................
.................................
######.##.....................)..
#.###.......................
#.###.###..................#


There were no monsters in sight!

Vanquished Creatures
  the Royal Jelly (Slime:5)
  4 dread liches
  6 ancient liches
  3 orbs of fire (Zot:5)
  Mara (Vaults:5)
  Mennas (Crypt:1)
  A juggernaut (Depths:3)
  4 Killer Klowns
  Bai Suzhen (Crypt:1)
  3 curse toes
  Frederick (Vaults:5)
  8 caustic shrikes
  14 golden dragons
  A bone dragon (Crypt:3)
  2 electric golems (Zot:5)
  A shard shrike zombie (Crypt:2)
  A Tzitzimitl (Depths:2)
  A hellephant (Zot:2)
  7 liches
  24 Orb Guardians (Zot:5)
  23 tentacled monstrosities
  The ghost of wakim the Nimble, an adept GnGl of Cheibriados (Vaults:4)
  2 deep elf blademasters (Elf:3)
  2 deep elf master archers (Elf:3)
  Asterion (Spider:1)
  7 titans
  6 ancient champions
  7 quicksilver dragons
  10 death cobs
  18 acid blobs
  5 sphinxes
  Kirke (D:15)
  Roxanne (Spider:1)
  13 shadow dragons
  Agnes (Spider:4)
  6 tengu reavers
  A revenant (Crypt:3)
  24 storm dragons
  Donald (Orc:2)
  13 azure jellies
  A fenstrider witch (shapeshifter) (Vaults:5)
  5 draconian monks
  10 frost giants
  18 rockslimes
  5 fire giants
  Ilsuiw (Shoals:4)
  6 draconian shifters
  6 deep elf sorcerers
  An orc warlord (Vaults:4)
  9 draconian knights
  A caustic shrike zombie (Depths:4)
  A curse skull (Crypt:2)
  2 balrugs
  14 vault wardens
  5 ghost moths
  7 emperor scorpions
  An iron dragon (Depths:3)
  8 draconian scorchers
  3 deep elf elementalists
  5 spriggan defenders
  16 very ugly things
  A caustic shrike skeleton (Depths:4)
  20 ironbound preservers
  3 war gargoyles
  A quicksilver ooze (shapeshifter) (D:15)
  4 draconian stormcallers
  5 ghouls
  7 quicksilver oozes
  2 reapers
  4 draconian annihilators
  16 stone giants
  The ghost of dragonscale333 the Warrior, a journeyman MfGl of Ru (Shoals:2)
  10 deep elf demonologists
  14 vampire knights
  A juggernaut skeleton (Depths:2)
  14 red draconians
  14 purple draconians
  11 yellow draconians
  Azrael (Spider:1)
  7 green draconians
  Nessos (D:14)
  13 white draconians
  3 entropy weavers
  The ghost of windycow the Thrower, a journeyman TrHu of Okawaru (Lair:1)
  6 black draconians
  10 deep elf annihilators
  9 spark wasps
  2 crystal guardians
  6 eidola
  2 quicksilver dragon zombies
  The ghost of loralnil the Nimble, a journeyman DjIE of Qazlal (D:10)
  11 deep elf death magi
  6 merfolk javelineers
  15 ettins
  11 yaktaur captains
  12 merfolk impalers
  Snorg (D:12)
  17 fire dragons
  34 vault guards
  15 great orbs of eyes
  12 rakshasas
  Josephine (D:12)
  4 ironbound thunderhulks
  A quicksilver dragon skeleton (Crypt:1)
  5 deep elf high priests
  7 ice dragons
  Harold (D:9)
  4 spriggan air magi
  5 merfolk aquamancers
  An ogre mage (Vaults:5)
  19 hydras
  8 centaur warriors
  A merfolk avatar (Shoals:3)
  5 boulder beetles
  7 ironbound frosthearts
  3 peacekeepers
  6 catoblepae
  5 death knights
  3 two-headed ogres
  A satyr (Shoals:3)
  17 tengu warriors
  17 deep troll shamans
  10 vampire magi
  7 ironbound beastmasters
  5 soul eaters
  Urug (Orc:1)
  4 spriggan berserkers
  5 death yaks
  14 deep troll earth magi
  8 hell knights
  Nergalle (Lair:4)
  2 sun demons
  3 orc high priests (Orc:2)
  Sonja (D:13)
  5 deep elf knights
  A titan skeleton (Crypt:2)
  8 shadow wraiths
  15 iron trolls
  2 salamander mystics (Depths:2)
  3 spriggans (Depths:3)
  A spark wasp zombie (Depths:2)
  30 skeletal warriors
  60 deep trolls
  8 flayed ghosts
  5 glowing orange brains
  9 sea snakes
  A tengu zombie (Vaults:4)
  2 sea snakes (shapeshifter)
  3 shadow demons (Depths:2)
  A goliath frog (shapeshifter) (D:10)
  A bog body (Crypt:3)
  A shadow dragon zombie (Crypt:1)
  A shadow dragon skeleton (Vaults:3)
  Pikel (D:7)
  8 deep elf archers
  3 golden dragon skeletons
  25 harpies
  10 ironbound convokers
  13 phantasmal warriors
  9 wizards
  A sphinx zombie (Crypt:3)
  8 orc knights
  24 deep elf zephyrmancers
  17 lindwurms
  A sphinx skeleton (Crypt:3)
  14 necromancers
  13 deep elf pyromancers
  A fire giant zombie (Vaults:4)
  6 orc sorcerers
  25 wolf spiders
  35 ugly things
  14 orb spiders
  A cyclops (shapeshifter) (Vaults:1)
  10 cyclopes
  29 manticores
  6 salamanders
  6 shining eyes
  10 fauns
  17 moths of wrath
  2 moths of wrath (shapeshifter)
  11 elephants
  3 black mambas
  Joseph (D:8)
  3 large abominations (Elf:1)
  10 merfolk sirens
  A frost giant zombie (Depths:4)
  4 eyes of devastation
  Maurice (Orc:2)
  A goliath frog skeleton (Crypt:1)
  15 vault sentinels
  A stone giant skeleton (Crypt:3)
  5 water nymphs
  2 guardian serpents (D:15)
  7 smoke demons
  2 torpor snails
  A water nymph (shapeshifter) (Depths:1)
  14 cane toads
  32 yaktaurs
  Psyche (D:10)
  A yaktaur (shapeshifter) (D:13)
  5 kobold demonologists
  5 freezing wraiths
  Maggie (D:6)
  3 ice devils (Lair:2)
  3 rime drakes (Depths:1)
  A redback zombie (Crypt:1)
  A white draconian skeleton (Crypt:3)
  An efreet (D:12)
  9 demonic crawlers
  9 tengu conjurers
  An unseen horror (D:12)
  2 elf skeletons
  A minotaur skeleton (Crypt:1)
  8 komodo dragons
  A yellow draconian skeleton (Crypt:1)
  A hellwing (Depths:3)
  7 wind drakes
  2 polar bears
  A troll (D:9)
  A wind drake (shapeshifter) (D:14)
  35 jumping spiders
  Prince Ribbit (D:6)
  18 blink frogs
  25 merfolk
  An ettin zombie (Crypt:1)
  7 hornets
  The ghost of Skimidon the Chiller, an amateur GnIE (D:3)
  9 snapping turtles
  A hydra skeleton (Crypt:2)
  A spriggan zombie (Depths:2)
  127 slime creatures
  17 dream sheep
  A death drake skeleton (Crypt:2)
  2 human simulacra
  3 air elementals
  9 flying skulls
  93 redbacks
  14 wraiths
  19 water elementals
  49 yaks
  34 tarantellas
  3 hogs (D:15)
  7 wyverns
  7 fire elementals
  Eustachio (D:6)
  20 golden eyes
  2 steam dragons
  5 basilisks
  A human (shapeshifter) (Elf:1)
  11 vampire mosquitoes
  A glowing shapeshifter zombie (Crypt:1)
  A swamp worm (shapeshifter) (Vaults:1)
  2 acid dragons
  2 wargs
  A merfolk skeleton (Crypt:3)
  15 water moccasins
  A deep troll skeleton (Crypt:2)
  A hell hound (Spider:1)
  4 ice beasts
  A gelid demonspawn skeleton (Crypt:3)
  5 floating eyes
  4 swamp drakes (Depths:1)
  22 orc warriors
  A sky beast (shapeshifter) (Vaults:5)
  An ogre skeleton (Vaults:3)
  4 human zombies
  3 necrophages
  6 ogres
  9 wolves
  A tengu (shapeshifter) (Depths:2)
  11 centaurs
  A lemure (D:8)
  2 phantoms
  3 elf zombies (Elf:1)
  6 kobold brigands
  A fire crab zombie (Crypt:2)
  14 bullfrogs
  3 gnoll sergeants
  3 earth elementals
  A glowing shapeshifter simulacrum (Depths:4)
  2 two-headed ogre simulacra (IceCv)
  A scorpion (D:9)
  2 water moccasin skeletons
  An elephant simulacrum (IceCv)
  A yak zombie (Crypt:2)
  9 killer bees
  A raiju skeleton (Crypt:1)
  A spriggan skeleton (Crypt:3)
  2 wolf zombies
  5 wights (D:9)
  2 howler monkeys
  An electric eel (Spider:4)
  A lava snake (D:8)
  A centaur zombie (D:10)
  17 orc priests
  4 gnoll shamans
  A hound (D:3)
  A jelly (D:6)
  A bullfrog skeleton (D:5)
  2 centaur skeletons
  2 iguanas
  21 orc wizards
  Natasha (thrice) (D:2)
  2 black bear skeletons
  2 troll simulacra (IceCv)
  8 ogre zombies (D:9)
  A demigod skeleton (Crypt:3)
  A hound skeleton (D:2)
  29 gnolls
  A howler monkey skeleton (D:6)
  6 adders
  A swamp drake zombie (Crypt:1)
  A swamp drake skeleton (Crypt:3)
  2 white imps
  2 adder skeletons
  A worm (D:4)
  A dart slug (D:5)
  54 orcs
  5 endoplasms
  4 giant cockroaches
  9 goblins
  8 hobgoblins
  3 jackals (D:3)
  24 kobolds
  4 quokkas
  12 ball pythons
  4 frilled lizards
  A goblin skeleton (D:9)
  2 goblin zombies (D:9)
  3 hobgoblin skeletons (D:9)
  5 hobgoblin zombies (D:9)
  3 orc skeletons (D:9)
  11 orc zombies (D:9)
  3 rats
2453 creatures vanquished.

Vanquished Creatures (collateral kills)
  A dread lich (Zot:5)
  A tentacled monstrosity (Zot:2)
  An Orb Guardian (Zot:5)
  A draconian scorcher (Zot:5)
  A draconian shifter (Zot:5)
  A stone giant (Vaults:5)
  An ironbound preserver (Vaults:5)
  2 green draconians (Zot:2)
  3 moths of wrath
  A slime creature (Vaults:4)
13 creatures vanquished.

Vanquished Creatures (others)
  A fire giant (Vaults:4)
  12 dancing weapons
  A deep elf knight (Elf:3)
  A deep elf archer (Elf:2)
  A manticore (Shoals:3)
  A rime drake (Depths:1)
  A human (D:15)
  An orc priest (Orc:2)
  An orc wizard (Orc:2)
  A bush (D:9)
  274 fire vortices
  28 fungi
  111 plants
  19 withered plants (Crypt:3)
453 creatures vanquished.

Grand Total: 2919 creatures vanquished

Notes
Turn   | Place    | Note
-------+----------+-------------------------------------------
     0 | D:1      | melvinkitnick the Gargoyle Earth Elementalist began the
                  | quest for the Orb.
     0 | D:1      | Reached XP level 1. HP: 10/10 MP: 3/3
   177 | D:1      | Reached XP level 2. HP: 15/15 MP: 3/5
   343 | D:1      | Found a faded altar of an unknown god.
   366 | D:1      | Learned a level 2 spell: Passwall
   535 | D:1      | Reached XP level 3. HP: 15/19 MP: 6/6
   615 | D:1      | Learned a level 3 spell: Stone Arrow
  1103 | D:2      | Noticed Natasha
  1116 | D:2      | Killed Natasha
  1117 | D:2      | Reached XP level 4. HP: 24/24 MP: 4/8
  1280 | D:2      | Reached skill level 5 in Earth Magic
  1398 | D:2      | Noticed Natasha
  1405 | D:2      | Killed Natasha
  2098 | D:2      | Noticed Natasha
  2102 | D:2      | Killed Natasha
  2103 | D:2      | Reached XP level 5. HP: 28/28 MP: 7/10
  2210 | D:3      | Found an opulent altar of Gozag.
  2216 | D:3      | Became a worshipper of Gozag Ym Sagoz the Greedy
  2746 | D:3      | Found a runed translucent door.
  2747 | D:3      | Noticed Skimidon's ghost (amateur GnIE)
  2821 | D:3      | Reached skill level 1 in Conjurations
  2824 | D:3      | Reached XP level 6. HP: 33/33 MP: 12/12
  3255 | D:4      | Reached skill level 1 in Fighting
  3255 | D:4      | Reached skill level 2 in Conjurations
  3497 | D:4      | Reached skill level 3 in Conjurations
  4025 | D:5      | Entered Level 5 of the Dungeon
  4040 | D:5      | Reached XP level 7. HP: 26/40 MP: 10/13
  4331 | D:5      | Reached skill level 4 in Conjurations
  4423 | D:5      | Found Ziac's Weapon Emporium.
  5315 | D:6      | Identified the ring "Geofopri" {rElec rPois rF- Int-2
                  | Dex+6}
  5419 | D:6      | Reached XP level 8. HP: 48/48 MP: 5/14
  5622 | D:6      | Found a staircase to the Ecumenical Temple.
  5631 | Temple   | Entered the Ecumenical Temple
  5740 | D:6      | Noticed Maggie
  5749 | D:6      | Killed Maggie
  5750 | D:6      | Reached skill level 5 in Fighting
  5969 | D:6      | Noticed Eustachio
  5972 | D:6      | Killed Eustachio
  6058 | D:6      | Noticed Prince Ribbit
  6061 | D:6      | Killed Prince Ribbit
  6485 | D:7      | Reached XP level 9. HP: 56/56 MP: 5/15
  6565 | D:7      | Reached skill level 10 in Earth Magic
  7650 | D:8      | Noticed Pikel
  7650 | D:8      | Noticed Joseph
  7666 | D:7      | Killed Pikel
  7736 | D:8      | Killed Joseph
  7737 | D:8      | Reached skill level 1 in Shields
  7737 | D:8      | Reached skill level 1 in Evocations
  7737 | D:8      | Reached XP level 10. HP: 37/64 MP: 2/16
  7881 | D:8      | Got Sif Muna's Disquisition on Moulding and Battle Magic
  7992 | D:8      | Noticed a two-headed ogre
  8004 | D:8      | Killed a two-headed ogre
  9151 | D:9      | Noticed Harold
  9157 | D:9      | Killed Harold
  9158 | D:9      | Reached skill level 1 in Transmutations
  9820 | D:9      | Found a staircase to the Orcish Mines.
  9839 | D:8      | Reached XP level 11. HP: 68/69 MP: 0/17
 10284 | D:9      | Reached skill level 5 in Spellcasting
 10541 | D:9      | Identified a scroll of acquirement
 10541 | D:9      | Acquired a staff of earth
 10830 | D:9      | Found a staircase to the Lair.
 11576 | D:10     | Entered Level 10 of the Dungeon
 11576 | D:10     | Noticed a two-headed ogre
 11581 | D:10     | Killed a two-headed ogre
 11733 | D:10     | Noticed a manticore
 11733 | D:10     | Noticed a centaur warrior
 11735 | D:10     | Noticed a centaur warrior
 11739 | D:10     | Found a transporter.
 11749 | D:10     | Found a transporter.
 11753 | D:10     | Noticed Psyche
 11757 | D:10     | Killed Psyche
 12126 | D:10     | Noticed loralnil's ghost (journeyman DjIE)
 12445 | D:10     | Found Dicaloig's Weapon Shop.
 12684 | Lair:1   | Entered Level 1 of the Lair of Beasts
 13028 | Lair:1   | Noticed a seven-headed hydra
 13037 | Lair:1   | Killed a seven-headed hydra
 13249 | Lair:1   | Found a runed translucent gate.
 13249 | Lair:1   | Found a runed translucent gate.
 13249 | Lair:1   | Found a runed translucent gate.
 13255 | Lair:1   | Noticed windycow's ghost (journeyman TrHu)
 13287 | Lair:1   | Noticed an eight-headed hydra
 13353 | Lair:1   | Killed an eight-headed hydra
 13354 | Lair:1   | Reached XP level 12. HP: 77/77 MP: 7/21
 13567 | Lair:1   | Reached skill level 1 in Necromancy
 13691 | Lair:1   | Noticed a catoblepas
 13703 | Lair:1   | Killed a catoblepas
 13704 | Lair:1   | Reached skill level 10 in Fighting
 14467 | Lair:2   | Found a frozen archway.
 14486 | IceCv    | Entered an ice cave
 14633 | IceCv    | Learned a level 5 spell: Borgnjor's Vile Clutch
 15915 | Lair:3   | Noticed a six-headed hydra
 15928 | Lair:3   | Killed a six-headed hydra
 15929 | Lair:3   | Reached skill level 15 in Earth Magic
 16419 | Lair:3   | Identified the +0 robe of Tomucsig {Harm rC+ Regen+}
 16479 | Lair:3   | Learned a level 6 spell: Iron Shot
 16556 | Lair:3   | Identified the +6 rapier "Pykol" {protect, rC+}
 16611 | Lair:3   | Found a hole to the Spider Nest.
 17157 | Lair:4   | Noticed an eight-headed hydra
 17166 | Lair:4   | Killed an eight-headed hydra
 17403 | Lair:4   | Noticed a five-headed hydra
 17404 | Lair:4   | Reached skill level 5 in Conjurations
 17502 | Lair:4   | Learned a level 5 spell: Lee's Rapid Deconstruction
 17513 | Lair:4   | Killed a five-headed hydra
 17514 | Lair:4   | Reached XP level 13. HP: 84/84 MP: 12/24
 17612 | Lair:4   | Noticed Nergalle
 17658 | Lair:4   | Killed Nergalle
 17659 | Lair:4   | Reached skill level 6 in Conjurations
 17881 | Lair:4   | Found a staircase to the Shoals.
 18713 | Lair:5   | Reached skill level 7 in Conjurations
 19108 | Lair:5   | Reached skill level 8 in Conjurations
 19642 | Lair:5   | Found a staircase to the Slime Pits.
 19642 | Lair:5   | Found a viscous altar of Jiyva.
 20801 | Lair:6   | Entered Level 6 of the Lair of Beasts
 21222 | Lair:6   | Gained mutation: Your large and strong wings let you fly.
                  | [Gargoyle growth]
 21222 | Lair:6   | Reached XP level 14. HP: 77/92 MP: 6/26
 21363 | Lair:6   | Reached skill level 5 in Evocations
 21646 | Lair:6   | Reached skill level 5 in Dodging
 24259 | D:3      | Killed Skimidon's ghost
 25722 | D:12     | Noticed Josephine
 25731 | D:12     | Killed Josephine
 25933 | D:12     | Noticed Snorg
 25938 | D:12     | Killed Snorg
 26795 | D:13     | Noticed Sonja
 26798 | D:13     | Killed Sonja
 27309 | D:13     | Reached XP level 15. HP: 99/99 MP: 16/28
 27332 | D:13     | Found a stormy altar of Qazlal.
 27684 | D:13     | Found a gate to the Vaults.
 28416 | D:14     | Noticed Nessos
 28427 | D:14     | Killed Nessos
 28811 | D:14     | Reached skill level 10 in Spellcasting
 29391 | D:15     | Entered Level 15 of the Dungeon
 29520 | D:15     | Acquired 1079 gold pieces
 30175 | D:15     | Identified the ring "Terawile" {rCorr Str+6 Stlth+}
 30551 | D:15     | Noticed Kirke
 30823 | D:15     | Paralysed by a floating eye for 4 turns
 31463 | D:15     | Reached XP level 16. HP: 105/105 MP: 10/31
 31994 | D:15     | Found a transporter.
 32013 | D:15     | Identified the ring of Lano {Fire rN+ Dex+4}
 32048 | D:15     | Found Cunemiot's Antique Weapon Boutique.
 32268 | D:15     | Killed Kirke
 32928 | D:15     | Acquired the Guide on the Arsonist and Battle Magic
 32936 | D:15     | Learned a level 5 spell: Irradiate
 32985 | D:15     | Found Xyucaas's Book Shop.
 33009 | D:15     | Noticed a sphinx
 33010 | D:15     | Paralysed by a sphinx for 3 turns
 33015 | D:15     | Killed a sphinx
 33194 | D:15     | Identified the ring of Cidol {*Corrode Str+7 Slay+2 SInv}
 33541 | D:15     | Found Xiwn's Antique Weapon Shop.
 33734 | D:15     | Found a staircase to the Depths.
 33803 | D:15     | Learned a level 2 spell: Blink
 33863 | D:15     | Found a transporter.
 33959 | Orc:1    | Entered Level 1 of the Orcish Mines
 34677 | Orc:1    | Noticed Urug
 34681 | Orc:1    | Killed Urug
 34682 | Orc:1    | Reached skill level 1 in Translocations
 34913 | Orc:1    | Found Kogih's Magic Scroll Shop.
 34928 | Orc:1    | Bought a scroll of magic mapping for 45 gold pieces
 34928 | Orc:1    | Bought a scroll of teleportation for 39 gold pieces
 35075 | Orc:2    | Entered Level 2 of the Orcish Mines
 35075 | Orc:2    | Noticed Maurice
 35078 | Orc:2    | Killed Maurice
 35238 | Orc:2    | Found a shimmering altar of Xom.
 35246 | Orc:2    | Noticed Donald
 35250 | Orc:2    | Killed Donald
 36817 | Orc:2    | Reached skill level 1 in Staves
 36990 | Orc:2    | Found a staircase to the Elven Halls.
 37130 | Orc:2    | Found Vyfu's Weapon Emporium.
 37130 | Orc:2    | Found Ycoillol's Assorted Antiques.
 37134 | Orc:2    | Found Cajoj's Assorted Antiques.
 37134 | Orc:2    | Found Leossuep's Magic Scroll Emporium.
 37140 | Orc:2    | Bought a twisted ruby ring for 105 gold pieces
 37142 | Orc:2    | Bought a scroll of magic mapping for 98 gold pieces
 37143 | Orc:2    | Bought a scroll of blinking for 105 gold pieces
 37143 | Orc:2    | Bought a scroll of blinking for 105 gold pieces
 37143 | Orc:2    | Bought a scroll of magic mapping for 49 gold pieces
 37284 | Orc:2    | Bought an embroidered robe for 103 gold pieces
 37288 | Orc:2    | Bought a scroll of fog for 34 gold pieces
 37288 | Orc:2    | Bought a scroll of blinking for 127 gold pieces
 37288 | Orc:2    | Bought a scroll of magic mapping for 59 gold pieces
 37288 | Orc:2    | Bought a scroll of magic mapping for 59 gold pieces
 37290 | Orc:2    | Bought a scroll of fog for 50 gold pieces
 37290 | Orc:2    | Bought a scroll of blinking for 187 gold pieces
 37290 | Orc:2    | Bought a potion of magic for 200 gold pieces
 37290 | Orc:2    | Bought an embroidered robe for 92 gold pieces
 37458 | Shoals:1 | Entered Level 1 of the Shoals
 38360 | Shoals:1 | Reached skill level 5 in Shields
 38793 | Shoals:1 | Reached XP level 17. HP: 112/112 MP: 26/33
 38965 | Shoals:2 | Found a runed translucent gate.
 38965 | Shoals:2 | Found a runed translucent gate.
 38965 | Shoals:2 | Found a runed translucent gate.
 39458 | Shoals:2 | Noticed dragonscale333's ghost (journeyman MfGl)
 39878 | Shoals:2 | Reached skill level 15 in Fighting
 40836 | Shoals:2 | Killed dragonscale333's ghost
 42138 | Shoals:3 | Found Kustrourgh's Antique Armour Emporium.
 42820 | Shoals:4 | Entered Level 4 of the Shoals
 43519 | Shoals:4 | Reached skill level 9 in Conjurations
 43836 | Shoals:4 | Noticed Ilsuiw
 43840 | Shoals:4 | Killed Ilsuiw
 44488 | Shoals:4 | Identified the +0 chain mail "Daurr" {+Blink Regen+ Dex-3}
 44810 | Shoals:4 | Learned a level 1 spell: Apportation
 44902 | Shoals:4 | Identified the +6 war axe of the Beast {elec, rN+}
 44982 | Shoals:4 | Reached XP level 18. HP: 84/119 MP: 21/34
 45311 | Shoals:4 | Got the Catalogue of Dark Rites
 45391 | Shoals:4 | Reached skill level 10 in Conjurations
 45859 | Shoals:4 | Got a barnacled rune of Zot
 47505 | Spider:1 | Entered Level 1 of the Spider Nest
 47511 | Spider:1 | Reached skill level 10 in Shields
 48044 | Spider:1 | Reached skill level 11 in Conjurations
 48323 | Spider:1 | Noticed Asterion
 48420 | Spider:1 | Killed Asterion
 48487 | Spider:1 | Noticed Azrael
 48590 | Spider:1 | Killed Azrael
 49261 | Spider:1 | Identified Roxanne's Collected Works on Earth
 49261 | Spider:1 | Noticed Roxanne
 49346 | Spider:1 | Killed Roxanne
 50170 | Spider:2 | Reached skill level 12 in Conjurations
 50170 | Spider:2 | Reached skill level 1 in Fire Magic
 52940 | Spider:3 | Reached skill level 5 in Fire Magic
 52940 | Spider:3 | Reached XP level 19. HP: 124/124 MP: 13/35
 53642 | Spider:3 | Acquired 991 gold pieces
 54191 | Spider:4 | Entered Level 4 of the Spider Nest
 55231 | Spider:4 | Noticed Agnes
 55235 | Spider:4 | Killed Agnes
 57450 | Spider:4 | Got a gossamer rune of Zot
 57864 | Lair:1   | Killed windycow's ghost
 58014 | Lair:1   | Identified the ring of Jigotifo {*Corrode rF+ Str+6 SInv}
 58281 | Shoals:3 | Bought an ichor-stained cloak for 247 gold pieces
 58281 | Shoals:3 | Identified the +0 cloak of the Pits of Slime {+Inv Will+
                  | Str-2} (You bought it in a shop on level 3 of the Shoals)
 58514 | Orc:2    | Bought a wand of iceblast (5) for 84 gold pieces
 58514 | Orc:2    | Bought a condenser vane for 840 gold pieces
 58658 | D:15     | Bought the Reference Book on Virous Fire for 840 gold
                  | pieces
 58666 | D:15     | Learned a level 6 spell: Starburst
 58676 | D:15     | Learned a level 9 spell: Fire Storm
 58788 | Vaults:1 | Entered Level 1 of the Vaults
 59623 | Vaults:1 | Identified the +1 leather armour of Broken Taboos {Drain
                  | rCorr MP+9 SInv}
 59643 | Vaults:1 | Reached skill level 10 in Fire Magic
 60027 | Vaults:1 | Got the Guide on Destructive Hexes
 61317 | Vaults:1 | Reached XP level 20. HP: 129/129 MP: 36/36
 62467 | Vaults:1 | Reached skill level 5 in Staves
 62817 | Vaults:2 | Found Xemarphef's Book Boutique.
 62955 | Vaults:2 | Identified the +0 hat of Voelen {Dex+8}
 62969 | Vaults:2 | Found a radiant altar of Vehumet.
 63044 | Vaults:2 | Identified the +2 robe of the True Pharaoh {Int+3}
 63067 | Vaults:2 | Identified the +1 robe of Decompression {Harm Fly Archmagi}
 65017 | Vaults:3 | Found a staircase to the Crypt.
 65017 | Vaults:3 | Found a basalt altar of Yredelemnul.
 65018 | Vaults:3 | Found an ancient bone altar of Kikubaaqudgha.
 65088 | Vaults:3 | Got the Volume of Virous Conjuration
 67141 | Vaults:4 | Reached XP level 21. HP: 121/134 MP: 20/37
 67300 | Vaults:4 | Found a large runed translucent door.
 67300 | Vaults:4 | Found a large runed translucent door.
 67300 | Vaults:4 | Found a large runed translucent door.
 67300 | Vaults:4 | Found a large runed translucent door.
 67300 | Vaults:4 | Noticed wakim's ghost (adept GnGl)
 67300 | Vaults:4 | Noticed a golden dragon
 67301 | Vaults:4 | Found a large runed translucent door.
 67301 | Vaults:4 | Found a large runed translucent door.
 67301 | Vaults:4 | Found a large runed translucent door.
 67301 | Vaults:4 | Found a large runed translucent door.
 67392 | Vaults:4 | Reached skill level 15 in Shields
 67427 | Vaults:4 | Noticed a dread lich
 67619 | Vaults:4 | Killed a dread lich
 68290 | Vaults:4 | Reached skill level 15 in Fire Magic
 69542 | Elf:1    | Entered Level 1 of the Elven Halls
 69871 | Elf:1    | Found a radiant altar of Vehumet.
 70372 | Elf:1    | Got Poja's Volume of Evil Magic
 70808 | Elf:2    | Reached skill level 13 in Conjurations
 70908 | Elf:2    | Identified the +9 long sword "Epsamy" {flame, rN++}
 71581 | Elf:2    | Found a runed translucent gate.
 71581 | Elf:2    | Found a runed translucent gate.
 71581 | Elf:2    | Found a runed translucent gate.
 71673 | Elf:3    | Entered Level 3 of the Elven Halls
 71859 | Elf:3    | Found Woaninne's Weapon Shop.
 71954 | Elf:3    | Found a radiant altar of Vehumet.
 72036 | Elf:3    | Reached XP level 22. HP: 88/140 MP: 14/38
 72543 | Elf:3    | Reached skill level 14 in Conjurations
 72916 | Elf:3    | Identified the +4 mace "Ahar" {vorpal, Will+}
 74001 | Elf:3    | Identified the +9 arbalest "Worm" {vorpal, Str+2}
 74003 | Elf:3    | Got the Disquisition on the Glacier and Earth
 74214 | Elf:3    | Identified the +0 pair of gloves of Vehumet's Supremacy
                  | {rC- Dex+6}
 74247 | Elf:3    | Got the Grimoire of Quantum Stones
 74591 | Crypt:1  | Entered Level 1 of the Crypt
 74630 | Crypt:1  | Noticed Mennas
 74820 | Crypt:1  | Killed Mennas
 74821 | Crypt:1  | Reached skill level 15 in Conjurations
 76059 | Crypt:1  | Noticed Bai Suzhen
 76205 | Crypt:1  | Killed Bai Suzhen
 78409 | Crypt:2  | Reached XP level 23. HP: 148/148 MP: 27/40
 79770 | Crypt:3  | Entered Level 3 of the Crypt
 80818 | Crypt:3  | Noticed a curse toe
 80926 | Crypt:3  | Killed a curse toe
 81966 | Crypt:3  | Found a staircase to the Tomb.
 81978 | Crypt:3  | Noticed a dread lich
 81984 | Crypt:3  | Killed a dread lich
 82157 | Crypt:3  | Got Hovy's Papyrus of Darkness
 82421 | Depths:1 | Entered Level 1 of the Depths
 82421 | Depths:1 | Found Epedonu's Jewellery Shoppe.
 82739 | Depths:1 | Found a gateway to Hell.
 82760 | Depths:1 | Bought a +6 ring of intelligence for 1111 gold pieces
 83523 | Depths:1 | Found a broken altar of Ashenzari.
 83539 | Depths:1 | Found a gateway to a ziggurat.
 83548 | Depths:1 | Identified the +1 leather armour of the Alphagorgon {Harm
                  | rElec rPois SInv}
 83557 | Depths:1 | Found a one-way gate to the infinite horrors of the Abyss.
 84050 | Depths:1 | Found a blossoming altar of Fedhas.
 84263 | Depths:1 | Reached XP level 24. HP: 89/157 MP: 23/41
 84670 | Depths:1 | Reached skill level 15 in Spellcasting
 84771 | Depths:1 | Found the +10 morningstar "Eos" {elec, Halo rElec}
 84799 | Depths:1 | Identified the +2 rapier "Newtbane" {protect, *Corrode
                  | rPois rN++ SInv}
 84801 | Depths:1 | Identified the +1 scimitar of Robboall {vorpal, rElec rF+
                  | Str+3 Int+2}
 85968 | Depths:2 | Paralysed by a floating eye for 2 turns
 86546 | Depths:2 | You are sucked into a shaft and drop 1 floor!
 86553 | Depths:3 | Found Lusethrui's General Store.
 86759 | Depths:2 | Found a hide-covered altar of Uskayaw.
 87510 | Depths:2 | Found the +2 cloak of the Thief {*Fog Slay-2 SInv Stlth+}
 87518 | Depths:2 | Found the +2 hood of the Assassin {Detection Stab+ Stlth++}
 87673 | Depths:2 | Found a shadowy altar of Dithmenos.
 88580 | Depths:3 | Bought a scroll of blinking for 105 gold pieces
 88580 | Depths:3 | Bought a scroll of magic mapping for 49 gold pieces
 88580 | Depths:3 | Bought a scroll of fog for 28 gold pieces
 89735 | Depths:3 | Paralysed by a floating eye for 4 turns
 90877 | Depths:3 | Reached XP level 25. HP: 155/165 MP: 19/42
 91818 | Depths:3 | Noticed a juggernaut
 91837 | Depths:3 | Killed a juggernaut
 92525 | Depths:3 | Identified the ring of Pedessux {rN+ MP+9 Str+6 Dex-5}
 93431 | Depths:3 | Identified the +2 quarterstaff of Fonoehe {vorpal, Int+2}
 93495 | Depths:3 | Found the necklace of Bloodlust {*Rage +Rage Will++ Int-3
                  | Slay+6}
 93722 | Depths:3 | Found a one-way gate leading to the halls of Pandemonium.
 95906 | Depths:4 | Reached skill level 16 in Conjurations
 96165 | Depths:4 | Reached XP level 26. HP: 157/174 MP: 17/43
 96699 | Depths:4 | Found Udenuose's Antique Armour Emporium.
 96702 | Depths:4 | Bought a spiked hat for 297 gold pieces
 96702 | Depths:4 | Identified the +2 hat of Hangman {rPois rC++ Int+4 Dex-4}
                  | (You bought it in a shop on level 4 of the Depths)
 96823 | Depths:5 | Entered Level 5 of the Depths
 97086 | Depths:4 | Reached skill level 17 in Conjurations
 98000 | Depths:5 | Found a gate to the Realm of Zot.
 98907 | D:10     | Killed loralnil's ghost
 99192 | Slime:1  | Entered Level 1 of the Pits of Slime
 99305 | Slime:1  | Gained mutation: You are frail. (-10% HP) [a shining eye]
 99307 | Slime:1  | Reached skill level 18 in Conjurations
100822 | Slime:4  | Reached skill level 19 in Conjurations
101466 | Slime:5  | Entered Level 5 of the Pits of Slime
101533 | Slime:5  | Gained mutation: You are weak. (Str -2) [a shining eye]
101597 | Slime:5  | Noticed the Royal Jelly
101608 | Slime:5  | Killed the Royal Jelly
101784 | Slime:5  | Reached skill level 20 in Conjurations
102280 | Slime:5  | Reached XP level 27. HP: 133/161 MP: 33/44
102658 | Slime:5  | Identified the +5 arbalest of the Coin {elec, rF+ Str+5
                  | Int+4}
102663 | Slime:5  | Identified the ring "Otodwe" {Wiz rPois MP+9 Dex-4 Slay+3}
102666 | Slime:5  | Identified the +8 trident "Eheufag" {flame, rF- rC+++
                  | Will++ Str-3}
102701 | Slime:5  | Found the +5 robe of Night {Dark Will+ SInv}
102711 | Slime:5  | Identified the +4 scythe of the Moon {drain, rN+}
102741 | Slime:5  | Identified the +9 mace of Karma {flame, Contam rN+ Str+6}
102751 | Slime:5  | Got a slimy rune of Zot
102768 | Slime:5  | Identified the ring "Lengiloh" {+Blink MP-9 Int+4 SInv}
102771 | Slime:5  | Identified the ring "Gidesk" {Wiz rPois rN+ Int+6}
104636 | Vaults:5 | Entered Level 5 of the Vaults
104983 | Vaults:5 | Noticed an ancient lich
104986 | Vaults:5 | Noticed an ancient lich
105460 | Vaults:4 | Killed wakim's ghost
105625 | Vaults:5 | HP: 1/160 [ancient lich/crystal spear (93)]
105835 | Vaults:5 | Noticed an ancient lich
105838 | Vaults:5 | Killed an ancient lich
106142 | Vaults:5 | Noticed Mara
106146 | Vaults:5 | Killed Mara
106569 | Vaults:5 | Identified the +4 leather armour of Hepliaklqana's Whim
                  | {rF+ Regen+}
106958 | Vaults:5 | Noticed Frederick
106963 | Vaults:5 | Killed Frederick
107035 | Vaults:5 | Identified the ring of the Secret Scars {Will+ SInv}
107078 | Vaults:5 | Noticed a dread lich
107085 | Vaults:5 | Killed a dread lich
107158 | Vaults:5 | Got a silver rune of Zot
107176 | Vaults:5 | Identified the +5 scale mail of the Morning {Contam Str-2
                  | Int+6 Dex+8}
107180 | Vaults:5 | Identified the +3 war axe "Wagoigia" {antimagic, Dex+4}
107193 | Vaults:5 | Killed an ancient lich
107969 | Vaults:5 | Killed an ancient lich
108903 | Vaults:5 | Got the Reference Book on Combat Magic
109636 | Zot:1    | Entered Level 1 of the Realm of Zot
109897 | Zot:1    | Learned a level 9 spell: Shatter
109905 | Zot:1    | Learned a level 7 spell: Spellforged Servitor
110929 | Zot:2    | Reached skill level 21 in Conjurations
111777 | Zot:2    | Reached skill level 22 in Conjurations
112075 | Zot:2    | Found a runed translucent door.
112078 | Zot:2    | Noticed Jofris Vesimp's ghost (legendary GnFE)
113211 | Zot:3    | Reached skill level 23 in Conjurations
115288 | Zot:5    | Entered Level 5 of the Realm of Zot
115633 | Zot:5    | Reached skill level 24 in Conjurations
115993 | Zot:5    | Noticed an orb of fire
115996 | Zot:5    | Killed an orb of fire
116015 | Zot:5    | Noticed an orb of fire
116021 | Zot:5    | Killed an orb of fire
116025 | Zot:5    | Noticed an orb of fire
116082 | Zot:5    | Killed an orb of fire
116082 | Zot:5    | Noticed an ancient lich
116086 | Zot:5    | Killed an ancient lich
116087 | Zot:5    | Reached skill level 25 in Conjurations
116169 | Zot:5    | Noticed an ancient lich
116171 | Zot:5    | Killed an ancient lich
116178 | Zot:5    | Noticed a dread lich
116180 | Zot:5    | Killed a dread lich
116275 | Zot:5    | Noticed an ancient lich
116286 | Zot:5    | Killed an ancient lich
116460 | Zot:5    | Noticed a dread lich
116462 | Zot:5    | Killed a dread lich
116595 | Zot:5    | Reached skill level 26 in Conjurations
117379 | Zot:5    | Got the Orb of Zot
117812 | D:$      | Escaped with the Orb!

Illustrated notes

Levels and vault maps discovered:
D:1:      minmay_arrival_checkered_box, layout_rooms,
          ebering_ecumenical_altar_petrified
D:2:      layout_loops_ring, serial_forest, infiniplex_forest_lined_2,
          infiniplex_forest_lined_room_, infiniplex_forest_lined_1,
          infiniplex_forest_zigzag_1, infiniplex_forest_straight_4,
          infiniplex_forest_join, infiniplex_forest_lined_ring,
          infiniplex_forest_clump_tiny, infiniplex_forest_fountain, uniq_natasha
D:3:      layout_loops_ring, grunt_gozag_statues, ebering_ghost_reflecting_pool
D:4:      layout_basic
D:5:      layout_basic, serial_shops, nicolae_shop_trees
D:6:      layout_loops_ring, temple_statues, uniq_prince_ribbit1, uniq_maggie,
          uniq_eustachio
D:7:      layout_basic
D:8:      layout_loops_ring, grunt_decor_junction, uniq_pikel, uniq_joseph
D:9:      layout_long_grid, minmay_lair_entry_grove, zombieorc2_lemuel,
          uniq_harold
D:10:     layout_basic, serial_shops, nicolae_stop_n_shop_2, nzn_ghost_randoct,
          hellmonk_bongcloud_opening, uniq_psyche
D:11:     layout_cross
D:12:     layout_roguey, minmay_misc_feat_encased, uniq_snorg, uniq_josephine
D:13:     layout_loops_ring, david_vaults_5, gauntlet_entry_generic,
          minmay_ruined_shrine, uniq_sonja
D:14:     layout_roguey, chequers_serial_rivers_micro_b, uniq_nessos
D:15:     hangedman_spin_cycle, uniq_kirke
Temple:   compressed_dpeg_circular_temple
Lair:1:   layout_roguey, gammafunk_ghost_split, chequers_serial_rivers_room_b,
          nicolae_quartered_pool_super
Lair:2:   layout_cave_pods, portal_ice_cave_demonic_guard
Lair:3:   layout_chaotic_city, spider_nest_entry_funnel_web
Lair:4:   layout_misc_corridors, minmay_shoals_entry_centaurs,
          cheibrodos_lair_reptile_den, uniq_nergalle
Lair:5:   layout_layer_cave, slime_altar_1
Lair:6:   evilmike_catoblepas_cave, layout_regular_city
Shoals:1: layout_shoals
Shoals:2: layout_shoals, ebering_ghost_rock_garden
Shoals:3: cheibrodos_shoals_roost, layout_shoals, serial_shops, shop_statue
Shoals:4: shoals_end_simple, layout_shoals, shoal_ilsuiw,
          nicolae_shoals_stone_sculpture_thing,
          nicolae_shoals_pincushion_passage
Spider:1: layout_spider_delve, nicolae_spider_paper_wasps, uniq_asterion,
          uniq_roxanne, uniq_azrael
Spider:2: layout_chambers, nicolae_spider_cling_halls
Spider:3: layout_chambers, hangedman_spider_tarantella_strand
Spider:4: grunt_spider_rune_circles, uniq_agnes
Slime:1:  layout_caves
Slime:2:  layout_caves
Slime:3:  layout_caves
Slime:4:  layout_caves
Slime:5
Orc:1:    layout_diamond_mine, serial_shops, shop, uniq_urug
Orc:2:    grunt_orc_tribal_feast, layout_caves, basic_altar,
          nicolae_orc_lost_temple, uniq_maurice, uniq_donald
Elf:1:    elf_arrival_002, layout_geoelf_octagon, basic_altar,
          minmay_elf_necromancy
Elf:2:    nicolae_elf_blades_splatter_lattice [nicolae_blade_little_rooms],
          layout_loops_cross
Elf:3:    grunt_elf_hall_diamonds, layout_loops_corners, serial_shops,
          nicolae_square_shop, basic_altar
Vaults:1: grunt_vaults_hallway_long, ontoclasm_vaults_shout,
          hangedman_vaults_slice, vaults_room_grunt_arrival_ludios,
          dpeg_vaults_monster_row, hangedman_vaults_nodes, vaults_dpeg_diagonal,
          nicolae_vaults_little_squares_1,
          nicolae_vaults_windows_and_doors_thing, ontoclasm_vaults_ligature,
          hangedman_vaults_trim, layout_vaults_big_cross
Vaults:2: grunt_tower_of_power, v_alt_pattern_4,
          nicolae_vaults_little_squares_4, v_misc_9, v_alt_pattern_5,
          nicolae_vaults_yaktaur_gun_rack, layout_vaults_omnigrid, serial_shops,
          nicolae_diamond_shop
Vaults:3: ontoclasm_vaults_ring_large, minmay_crypt_entry_necro_gods,
          nicolae_vaults_network_quinsquares
          [nicolae_vaults_network_quincunx_subvault,
          nicolae_vaults_network_quincunx_subvault,
          nicolae_vaults_network_quincunx_subvault,
          nicolae_vaults_network_quincunx_subvault], ontoclasm_vaults_hangar,
          nicolae_vaults_rhombus_6, v_misc_12, vaults_standard_mumra_x,
          v_misc_27, ontoclasm_vaults_gateway, layout_vaults_big_room
Vaults:4: advil_vaults_ghost_lines, vaults_mumra_minichess_inversion, v_misc_4,
          nicolae_vaults_ninety_degrees, kb_rosetta, v_pattern_1,
          nicolae_vaults_three_branches, hangedman_vaults_nails,
          ontoclasm_vaults_pinch, v_misc_8, vaults_mumra_chevron_long,
          v_misc_15, v_misc_22, grunt_vaults_focal,
          nicolae_vaults_little_squares_2, layout_vaults_maze,
          portal_desolation_entry_ruin
Vaults:5: serial_shops, uniq_margery, uniq_mara, uniq_frederick
Crypt:1:  layout_gridlike, grunt_crypt_arrival_webbed, grunt_megastairs_4,
          uniq_mennas, uniq_bai_suzhen
Crypt:2:  layout_misc_corridors, grunt_megastairs_2
Crypt:3:  david_glass_crypt, layout_chaotic_city, tomb_entry_forgotten_bobbens
Depths:1: gold_lair_mu, layout_cave_pools, enter_ziggurat_a,
          fedhas_altar_fruit_tree, abyss_entry_glasseish,
          pf_vacation_house_of_asmodeus, minmay_shop_enchanted_jewellery,
          serial_bayou_pond_d, st_stairs_2, lemuel_statue_altar,
          feat_on_display, firewood_loft
Depths:2: regret_index_dithmenos_brocken_genspenst, layout_cave_pools,
          chequers_serial_rivers_large_b, hell_entry, minivault_21,
          serial_bayou_pond_e, nicolae_uskayaw_suspiria, infiniplex_staircase_x,
          serial_bayou_shore_b
Depths:3: grunt_twisty_corner, layout_cave_shapes, rand_demon_pan_entry_1,
          minmay_misc_feat_x, serial_shops, shop, hell_entry,
          infiniplex_staircase_door_maze
Depths:4: minmay_concentric_multi, layout_gridlike, lightli_too_deep,
          serial_shops, kennysheep_mini, abyss_entry_crystal,
          serial_bayou_shore_b, infiniplex_staircase_spiral,
          serial_bayou_shore_a
Depths:5: evilmike_zot_entry_diamond, layout_small_grid, hellmouth_3,
          hangedman_decor_slide_cut
Zot:1:    layout_misc_corridors, grunt_ministairs_6
Zot:2:    layout_onion_interference, gammafunk_ghost_grave
Zot:3:    layout_misc_corridors, grunt_ministairs_15
Zot:4:    layout_cathedral_of_symmetry
Zot:5:    layout_twisted_circle, st_stairs_7

Skill      XL: |  1  2  3  4  5  6  7  8  9 10 11 12 13 14 15 16 17 18 19 20 21 22 23 24 25 26 27 |
---------------+----------------------------------------------------------------------------------+-----
Earth Magic    | 4 5 6 7 9 12 14 15 17 18 19 20 | 20.0
Spellcasting   | 3 4 6 7 8 9 11 12 13 14 15 16 17 20 | 20.0
Conjurations   | 1 3 4 5 8 9 12 13 15 16 20 26 | 26.8
Fighting       | 2 4 6 8 9 11 12 13 14 15 16 18 19 20 | 20.0
Dodging        | 2 4 6 7 8 |  8.0
Shields        | 1 4 5 9 11 13 14 15 | 15.0
Evocations     | 1 4 6 7 8 |  8.0
Transmutations | 2 4 |  4.0
Necromancy     | 4 |  4.0
Translocations | 3 4 |  4.0
Staves         | 2 4 7 8 |  8.0
Fire Magic     | 5 11 13 15 17 19 20 25 | 25.0
Stealth        | |  2.1

Action                   |  1- 3 |  4- 6 |  7- 9 | 10-12 | 13-15 | 16-18 | 19-21 | 22-24 | 25-27 || total
-------------------------+-------+-------+-------+-------+-------+-------+-------+-------+-------++-------
Melee: Unarmed           |    11 |       |       |       |       |       |       |       |       ||    11
       Short sword       |    53 |   113 |    22 |    76 |     6 |       |       |       |       ||   270
       Whip              |     3 |       |       |       |       |       |       |       |       ||     3
       Dagger            |       |    56 |    13 |       |       |       |       |       |       ||    69
       Staff             |       |       |       |    80 |   184 |   307 |   455 |   336 |   275 ||  1637
Throw: Dart              |       |       |       |       |     1 |     4 |       |       |       ||     5
       Javelin           |       |       |       |       |       |       |     1 |       |       ||     1
 Cast: Sandblast         |    17 |    42 |    15 |   153 |    56 |    31 |     4 |       |       ||   318
       Stone Arrow       |       |       |    75 |   163 |    73 |   213 |    38 |       |       ||   562
       Borgnjor's Vile C |       |       |       |    27 |    91 |   119 |    42 |    10 |    14 ||   303
       Lee's Rapid Decon |       |       |       |       |    94 |   132 |   215 |   159 |    79 ||   679
       Iron Shot         |       |       |       |       |    77 |   176 |   134 |   261 |   429 ||  1077
       Irradiate         |       |       |       |       |       |    14 |     9 |    15 |    21 ||    59
       Passwall          |       |       |       |       |       |     1 |       |       |     5 ||     6
       Apportation       |       |       |       |       |       |       |    12 |     1 |    34 ||    47
       Starburst         |       |       |       |       |       |       |    70 |   142 |   131 ||   343
       Fire Storm        |       |       |       |       |       |       |       |       |   236 ||   236
       Shatter           |       |       |       |       |       |       |       |       |     8 ||     8
       Blink             |       |       |       |       |       |       |       |       |     1 ||     1
Invok: Call Merchant     |       |       |       |       |       |     3 |       |       |       ||     3
       Potion Petition   |       |       |       |       |       |       |       |       |     2 ||     2
       Bribe Branch      |       |       |       |       |       |       |       |       |     2 ||     2
Evoke: Wand              |       |       |       |     8 |    13 |    22 |     5 |    12 |    20 ||    80
       Lightning rod     |       |       |       |       |       |    17 |    14 |     5 |       ||    36
       Phantom mirror    |       |       |       |       |       |       |       |     1 |     1 ||     2
       Box of beasts     |       |       |       |       |       |       |       |     1 |       ||     1
       Phial of floods   |       |       |       |       |       |       |       |     1 |       ||     1
  Use: Scroll            |     2 |     6 |     8 |     7 |    10 |     7 |     9 |    10 |    18 ||    77
       Potion            |       |       |       |       |     2 |     2 |     4 |     5 |    17 ||    30
 Stab: Sleeping          |       |     2 |       |       |       |       |     1 |       |       ||     3
       Petrified         |       |       |       |       |     2 |       |       |       |       ||     2
       Distracted        |       |       |       |       |     1 |       |     4 |     1 |     3 ||     9
       Paralysed         |       |       |       |       |       |     8 |       |       |       ||     8
Armor: Robe              |    23 |    78 |     5 |       |       |       |       |       |   195 ||   301
       Leather armour    |       |       |    18 |    67 |   205 |   284 |   244 |   262 |   176 ||  1256
Dodge: Dodged            |    49 |   110 |    32 |   118 |   202 |   325 |   212 |   218 |   255 ||  1521
Block: Other             |       |       |     3 |     3 |       |     2 |       |       |       ||     8
       Reflection        |       |       |     1 |     5 |    12 |    28 |    30 |    14 |    16 ||   106
       Buckler           |       |       |       |   119 |   206 |   234 |       |       |       ||   559
       Kite shield       |       |       |       |       |       |   199 |   466 |   504 |   387 ||  1556
